Map: Kairos Junction LE

Players

Future - Winner!

  • Race: Terran Terran
  • League: Grandmaster
  • Spawn Location: 11:00

puCK (Nina)

  • Race: Protoss Protoss
  • League: Grandmaster
  • Spawn Location: 5:00

Event: Cheeseadelphia 8

VOD

Have the link to the VOD?

Description

Time

  • Played on: Dec. 9, 2018, 6:31 p.m.
  • Length: 11:43

All games in this series

Show
View Real Time Build Order
Export as new Build Order

Future Terran - Winner!

Build Orders: Gas First Reaper Expand 

Get SALT Encoding   

  12  0:00  SCV  
  13  0:12  SCV  
  14  0:17  Supply Depot  
  14  0:24  SCV  
  15  0:29  Refinery  
  15  0:38  SCV  
  16  0:44  Barracks  
  16  0:50  SCV  
  17  1:02  SCV  
  18  1:14  SCV  
  19  1:31  Reaper, Orbital Command  
  20  1:46  Command Center  
  20  1:56  Factory  
  20  2:00  SCV  
  21  2:06  Barracks Reactor  
  21  2:12  SCV  
  21  2:14  Refinery  
  22  2:18  Supply Depot  
  22  2:25  SCV  
  23  2:39  SCV  
  23  2:42  Starport  
  24  2:47  Hellion  
  24  2:48  Hellion  
  28  2:51  SCV  
  28  2:58  Orbital Command  
  29  3:03  SCV  
  32  3:14  Widow Mine  
  32  3:15  Widow Mine  
  32  3:16  SCV  
  35  3:22  Medivac, Barracks Tech Lab  
  35  3:23  SCV  
  38  3:28  SCV  
  39  3:34  Supply Depot  
  39  3:35  SCV  
  39  3:37  Widow Mine  
  39  3:40  SCV  
  43  3:42  Widow Mine  
  46  3:48  SCV  
  46  3:56  SCV  
  46  4:00  SCV  
  42  4:08  SCV  
  42  4:12  Viking, SCV  
  42  4:15  Marine x2, Siege Tank  
  50  4:18  Bunker  
  50  4:19  Supply Depot  
  50  4:20  SCV  
  51  4:25  SCV  
  52  4:32  Marine, SCV  
  54  4:39  Supply Depot  
  54  4:40  Marine  
  54  4:41  Supply Depot, SCV  
  54  4:44  SCV  
  54  4:45  Starport Tech Lab  
  57  4:47  Siege Tank  
  60  4:53  SCV  
  60  4:56  SCV  
  60  4:57  Barracks  
  60  4:58  Barracks  
  62  5:00  Marine  
  62  5:01  Marine  
  62  5:05  SCV  
  65  5:09  SCV  
  65  5:10  Raven  
  65  5:12  Supply Depot  
  68  5:17  SCV  
  68  5:18  Supply Depot  
  68  5:19  Supply Depot  
  68  5:20  Supply Depot  
  65  5:24  Marine, Engineering Bay, SCV  
  65  5:25  Marine  
  66  5:29  Supply Depot, SCV  
  66  5:32  Siege Tank  
  70  5:36  SCV  
  71  5:46  Refinery  
  71  5:47  Refinery  
  69  5:52  Terran Infantry Weapons Level 1  
  69  6:02  Starport Reactor  
  69  6:04  Marine x2  
  71  6:16  Barracks  
  71  6:17  Barracks, Stimpack  
  69  6:21  Command Center  
  69  6:22  Marine x2, Combat Shield  
  69  6:23  Marine x2  
  71  6:30  Factory Reactor  
  71  6:40  Missile Turret, Marine x2  
  71  6:41  Marauder x2  
  71  6:44  Medivac, Missile Turret  
  79  6:47  Missile Turret  
  79  6:48  Medivac, Supply Depot x2  
  79  6:51  SCV x2  
  83  6:58  Marine x2  
  85  7:02  Marauder x2  
  85  7:04  Barracks Tech Lab, Barracks Reactor  
  91  7:08  Widow Mine  
  91  7:09  Widow Mine  
  93  7:16  Marine  
  93  7:18  Supply Depot  
  93  7:19  SCV x2  
  93  7:20  Marine  
  97  7:23  Medivac  
  97  7:24  Marauder x2  
  97  7:28  Marauder  
  105  7:33  Marine  
  105  7:35  Widow Mine  
  107  7:37  Widow Mine  
  107  7:38  Marine  
  110  7:44  Marine  
  110  7:45  Marine, Marauder x2  
  110  7:50  Marauder  
  118  7:51  SCV  
  118  7:55  SCV  
  118  7:56  Concussive Shells  
  118  7:57  Widow Mine  
  118  7:59  Marine, Widow Mine  
  118  8:04  Supply Depot x2, Orbital Command  
  121  8:06  SCV, Marauder  
  121  8:09  SCV  
  125  8:18  SCV  
  126  8:24  SCV  
  126  8:28  Medivac x2  
  126  8:31  SCV  
  126  8:32  SCV  
  116  8:34  Marauder x2  
  116  8:35  Marine x4, Marauder  
  116  8:36  SCV  
  116  8:38  Widow Mine  
  125  8:42  Widow Mine  
  125  8:43  Terran Infantry Armor Level 1  
  127  8:51  Armory, Engineering Bay  
  118  8:57  Marauder  
  118  8:59  Marauder, Widow Mine  
  126  9:03  Marine x2, Marauder, Widow Mine  
  126  9:04  Marine  
  131  9:13  Marine  
  131  9:15  Medivac x2  
  136  9:19  Marauder  
  136  9:21  Marine, Marauder  
  136  9:23  Marine x2  
  145  9:24  Marauder  
  145  9:27  Supply Depot  
  145  9:28  Supply Depot  
  145  9:31  Sensor Tower  
  145  9:39  SCV x2  
  145  9:40  Missile Turret, Marine, Marauder  
  145  9:42  Marauder  
  145  9:44  Missile Turret  
  152  9:47  Marine  
  152  9:51  Marine x2, Marauder  
  157  9:58  Liberator x2  
  157  9:59  Widow Mine x2  
  160  10:00  Marine  
  160  10:02  Marauder  
  160  10:03  Marauder  
  152  10:20  Widow Mine  
  152  10:21  Widow Mine  
  152  10:49  Marine x4, Marauder x2  
  129  10:50  Marauder, Widow Mine x2  
  131  11:07  Marine x4  
  131  11:11  Marauder x3  
  130  11:12  Widow Mine  
  130  11:14  Widow Mine  
Show
View Real Time Build Order
Export as new Build Order

puCK Protoss 

Build Orders: 1 Gate Expand 

Get SALT Encoding   

  12  0:00  Probe  
  13  0:12  Probe  
  14  0:18  Pylon  
  14  0:24  Probe  
  15  0:35  Probe  
  15  0:39  Gateway  
  16  0:43  Probe  
  17  0:50  Assimilator  
  17  0:51  Probe  
  18  1:03  Probe  
  19  1:15  Probe  
  20  1:27  Cybernetics Core  
  20  1:40  Nexus  
  20  1:42  Probe  
  21  1:49  Pylon  
  21  1:54  Probe  
  22  1:57  Assimilator  
  22  1:58  Adept  
  22  2:06  Probe  
  25  2:10  Warp Gate  
  25  2:16  Stalker  
  25  2:18  Probe  
  28  2:30  Probe  
  29  2:42  Probe, Robotics Facility  
  30  2:51  Stalker  
  30  2:53  Probe  
  30  2:56  Probe  
  34  3:05  Probe  
  35  3:08  Probe  
  36  3:15  Gateway  
  36  3:17  Probe  
  37  3:21  Gateway, Probe  
  38  3:29  Probe  
  38  3:33  Probe  
  40  3:34  Pylon  
  40  3:41  Probe  
  40  3:45  Probe  
  41  3:53  Probe  
  39  3:57  Probe  
  40  4:04  Warp Prism  
  40  4:05  Probe  
  40  4:09  Probe  
  40  4:13  Robotics Bay  
  40  4:14  Probe  
  40  4:17  Probe, Shield Battery  
  42  4:18  Shield Battery  
  42  4:22  Probe, Sentry  
  46  4:25  Probe, Sentry  
  46  4:28  Sentry  
  46  4:30  Pylon  
  52  4:32  Probe  
  52  4:36  Pylon  
  53  4:40  Assimilator  
  53  4:41  Assimilator  
  53  4:42  Observer  
  54  4:48  Pylon  
  54  4:50  Pylon  
  54  4:56  Zealot x3  
  46  5:07  Probe  
  45  5:16  Stalker x2  
  45  5:17  Stalker  
  49  5:23  Probe  
  49  5:25  Probe  
  51  5:32  Phoenix  
  51  5:36  Probe  
  51  5:37  Probe  
  52  5:48  Probe  
  52  5:49  Probe  
  54  6:00  Probe  
  54  6:01  Probe  
  54  6:03  Stalker  
  57  6:12  Probe  
  57  6:13  Probe  
  59  6:20  Probe  
  59  6:24  Probe  
  59  6:25  Warp Prism  
  61  6:28  Probe  
  61  6:32  Probe  
  64  6:38  Probe, Gravitic Drive  
  65  6:40  Probe  
  65  6:43  Twilight Council  
  67  6:48  Disruptor  
  67  6:50  Probe  
  67  6:51  Probe  
  72  7:01  Pylon  
  72  7:02  Probe  
  72  7:05  Probe  
  75  7:17  Nexus  
  75  7:20  Charge  
  74  7:24  Dark Shrine  
  74  7:28  Zealot  
  76  7:33  Disruptor  
  76  7:35  Probe  
  80  7:42  Probe  
  81  7:45  Forge  
  81  7:48  Gateway  
  81  8:03  Zealot x3  
  87  8:08  Disruptor  
  87  8:09  Templar Archives  
  90  8:35  Zealot x2  
  94  8:45  Nexus  
  94  8:47  Nexus, Pylon  
  94  8:51  Pylon  
  94  8:53  Pylon  
  94  8:58  Pylon  
  94  9:07  Zealot x3  
  94  9:08  Zealot  
  94  9:09  Probe  
  103  9:12  Disruptor  
  103  9:14  Pylon  
  103  9:15  Probe  
  107  9:20  Gateway  
  107  9:27  Pylon  
  107  9:30  High Templar, Pylon  
  107  9:31  High Templar x3  
  115  9:33  Probe  
  114  9:39  Archon x2  
  114  9:40  Protoss Ground Weapons Level 1  
  114  9:41  Forge  
  114  9:48  Probe  
  112  10:03  Disruptor  
  114  10:09  Zealot x4  
  122  10:24  Zealot  
  116  10:30  Zealot x2  
  105  10:49  Probe  
  96  10:51  Probe x2  
  96  10:53  Assimilator  
  96  10:55  Assimilator  
  98  10:59  High Templar x2  
  98  11:00  High Templar x2  
  98  11:01  Probe  
  98  11:03  Probe  
  98  11:04  Probe  
  103  11:08  Archon  
  103  11:09  Archon  
  86  11:11  Zealot  
  86  11:13  Probe  
Tags
 
Add a new tag
Caveats
  • Supply blocks, unpowered buildings, or Contaminate may cause inaccurate times.
  • Supply counts are checked every 10 seconds.